 Dungeon Crawl Stone Soup version 0.23.2-40-g277498a001 (webtiles) character file.

Game seed: 12324777450516697641

11383 FishyPogo the Martial Artist (level 11, -4/84 HPs)
             Began as a Gnoll Transmuter on Sept 28, 2019.
             Was an Elder of Vehumet.
             Slain by a white ugly thing (26 damage)
             ... in an ice cave.
             The game lasted 01:16:41 (11033 turns).

FishyPogo the Martial Artist (Gnoll Transmuter)    Turns: 11033, Time: 01:16:44

Health: -4/84      AC: 10    Str: 12    XL:     11   Next: 76%
Magic:  18/23      EV: 19    Int: 16    God:    Vehumet [****..]
Gold:   389        SH:  0    Dex: 21    Spells: 2/26 levels left

rFire    . . .     SeeInvis .   a - +3 scimitar (flame)
rCold    . . .     Gourm    .   (no shield)
rNeg     + . .     Faith    .   s - +2 robe {MR+}
rPois    .         Spirit   .   (helmet restricted)
rElec    .         Reflect  .   e - +0 cloak
rCorr    +         Harm     .   b - +0 pair of gloves
MR       ++...                  k - +0 pair of boots
Stlth    ++++......             (no amulet)
HPRegen  0.24/turn              W - ring "Ahuopy" {rCorr MR+}
MPRegen  0.18/turn              n - ring of positive energy

@: very slightly contaminated
A: distributed training, antennae 1, fangs 1, slimy green scales 1, agile 1,
wild magic 1, evolution 1, strong nose
a: Renounce Religion


You were in an ice cave.
You worshipped Vehumet.
Vehumet was greatly pleased with you.
You were not hungry.

You visited 3 branches of the dungeon, and saw 14 of its levels.
You also visited: Ice Cave.

You collected 637 gold pieces.
You spent 248 gold pieces at shops.

Inventory:

Hand Weapons
 a - a +3 scimitar of flaming (weapon)
 C - the +6 hunting sling "Siuc" {flame, rF+, unknown}
   (You found it on level 11 of the Dungeon)

   It causes projectiles fired from it to burn those they strike, causing extra
   injury to most foes and up to half again as much damage against particularly
   susceptible opponents.
   It protects you from fire.
Missiles
 h - 334 stones (quivered)
 p - a throwing net
 r - 8 tomahawks of dispersal
 x - 13 tomahawks
 I - 7 javelins
 K - 163 arrows
Armour
 b - a +0 pair of gloves (worn)
 e - a +0 cloak (worn)
 k - a +0 pair of boots (worn)
 s - a +2 robe of magic resistance (worn)
 H - a +0 chain mail of poison resistance
 T - a +1 leather armour of poison resistance
Jewellery
 n - a ring of positive energy (right hand)
 U - an uncursed ring of positive energy
 W - the ring "Ahuopy" (left hand) {rCorr MR+}
   (You found it on level 11 of the Dungeon)

   [ring of resist corrosion]

   It affects your resistance to hostile enchantments.
Wands
 v - a wand of iceblast (15)
 G - a wand of acid (9)
 Q - a wand of paralysis (6)
Scrolls
 f - a scroll of fear {unknown}
 l - 7 scrolls of identify
 w - 4 scrolls of amnesia
 y - 3 scrolls of remove curse
 B - a scroll of magic mapping {unknown}
 E - a scroll of silence
 F - 2 scrolls of fog
 J - a scroll of summoning {unknown}
 L - a scroll of immolation
 O - a scroll of holy word
 R - 2 scrolls of enchant armour {unknown}
 S - a scroll of blinking
Potions
 c - 4 potions of mutation
 g - a potion of cancellation {unknown}
 i - 2 potions of might {unknown}
 j - 2 potions of resistance {unknown}
 m - 5 potions of curing
 o - 9 potions of flight
 q - 7 potions of brilliance
 t - a potion of heal wounds
 u - a potion of agility {unknown}
 z - a potion of invisibility {unknown}
 A - a potion of magic
 D - a potion of haste
 M - a potion of ambrosia {unknown}
 N - a potion of lignification {unknown}
Comestibles
 d - 25 rations
 V - 9 chunks of flesh


   Skills:
 + Level 7.0 Fighting
 + Level 6.5 Short Blades
 + Level 6.5 Long Blades
 + Level 6.5 Axes
 + Level 6.5 Maces & Flails
 + Level 6.5 Polearms
 + Level 6.5 Staves
 + Level 6.5 Slings
 + Level 6.5 Bows
 + Level 6.5 Crossbows
 + Level 6.5 Throwing
 + Level 6.5 Armour
 + Level 8.0 Dodging
 + Level 6.5 Stealth
 + Level 6.5 Shields
 + Level 9.3 Unarmed Combat
 + Level 8.3 Spellcasting
 + Level 5.3 Conjurations
 + Level 5.3 Hexes
 + Level 5.3 Charms
 + Level 5.3 Summonings
 + Level 5.3 Necromancy
 + Level 5.3 Translocations
 + Level 6.7 Transmutations
 + Level 5.3 Fire Magic
 + Level 5.3 Ice Magic
 + Level 5.3 Air Magic
 + Level 5.3 Earth Magic
 + Level 5.3 Poison Magic
 + Level 7.1 Invocations
 + Level 6.5 Evocations


You had 2 spell levels left.
You knew the following spells:

 Your Spells              Type           Power        Failure   Level  Hunger
b - Sting                 Conj/Pois      ####         1%          1    None
c - Flame Tongue          Conj/Fire      ####.        1%          1    None
d - Beastly Appendage     Tmut           #####.       1%          1    None
e - Spider Form           Tmut/Pois      ####......   4%          3    #......
f - Sticky Flame          Conj/Fire      ####....     4%          4    ###....
g - Poisonous Vapours     Pois/Air       ####..       3%          2    None
h - Mephitic Cloud        Conj/Pois/Air  ####....     1%          3    #......
i - Ice Form              Ice/Tmut       ####....     13%         4    ###....
j - Stone Arrow           Conj/Erth      ####..       1%          3    #......
k - Throw Flame           Conj/Fire      ####..       1%          2    None

Your spell library contained the following spells:

 Spells                   Type           Power        Failure   Level  Hunger
 Ignite Poison            Fire/Tmut/Pois ####....     1%          3    #......
 Freeze                   Ice            ####         1%          1    None
 Throw Frost              Conj/Ice       ####..       1%          2    None
 Corona                   Hex            ####...      2%          1    None
 Sticks to Snakes         Tmut           #####...     2%          2    None
 Ensorcelled Hibernation  Hex/Ice        ####..       3%          2    None
 Conjure Flame            Conj/Fire      ####....     1%          3    #......
 Dazzling Spray           Conj/Hex       ####..       1%          3    #......
 Inner Flame              Hex/Fire       ####....     1%          3    #......
 Throw Icicle             Conj/Ice       ####....     4%          4    ###....
 Confuse                  Hex            ####....     6%          3    #......
 Ozocubu's Armour         Chrm/Ice       ####....     6%          3    #......
 Tukima's Dance           Hex            ####....     6%          3    #......
 Bolt of Magma            Conj/Fire/Erth ####......   12%         5    #####..
 Fireball                 Conj/Fire      ####......   12%         5    #####..
 Iskenderun's Battlesphe  Conj/Chrm      ####....     12%         5    #####..
 Venom Bolt               Conj/Pois      ####......   12%         5    #####..
 Summon Ice Beast         Ice/Summ       ####....     17%         4    ###....
 Blade Hands              Tmut           #####.....   26%         5    #####..
 Freezing Cloud           Conj/Ice/Air   ####......   47%         6    ######.
 Iron Shot                Conj/Erth      ####......   47%         6    ######.
 Orb of Destruction       Conj           ####......   94%         7    #######
 Spellforged Servitor     Conj/Summ      ####......   94%         7    #######
 Ring of Flames           Chrm/Fire      ####......   100%        7    #######


Dungeon Overview and Level Annotations

Branches:
Dungeon (11/15)            Temple (1/1) D:4            Lair (0/6) D:9
    Orc (2/2) D:11
    Elf: Orc:2

Altars:
Cheibriados
Dithmenos
Elyvilon
Fedhas
Gozag
Kikubaaqudgha
Makhleb
Qazlal
Ru
Sif Muna
Trog
Uskayaw
Vehumet
Wu Jian
Xom
The Shining One

Shops:
D:6 *   D:10 *

Annotations:
D:3 Sigmund
D:11 1 exclusion


Innate Abilities, Weirdness & Mutations

Your experience applies equally to all skills.
You have very sharp teeth.
Your uncanny sense of smell can sniff out nearby items.
You have a pair of small antennae on your head.
You are partially covered in slimy green scales. (AC +2)
You are agile. (Dex +2)
Your spells are a little harder to cast, but a little more powerful.
You evolve.


Message History

You riposte.
You slash the white ugly thing! You burn the white ugly thing.
The white ugly thing is moderately wounded.
The ice beast completely misses you.
You riposte.
You hit the ice beast.
You melt the ice beast.
The ice beast is heavily wounded.
The ice beast hits you but does no damage.
Casting: Flame Tongue (safe; 1% risk of failure)
Confirm with . or Enter, or press ? or * to list all spells.
Aiming: Flame Tongue (safe; 1% risk of failure)
Press: ? - help, Shift-Dir - straight line, f - ice beast
Aim: an ice beast (moderately wounded)
The flame tongue misses the ice beast.
The ice beast closely misses you. x2
The ice beast hits you but does no damage.
You slash the ice beast!
You melt the ice beast.
You kill the ice beast!
Vehumet accepts your kill.
You feel your power returning. The white ugly thing bites you!
* * * LOW HITPOINT WARNING * * *
The white ugly thing freezes you!!
You die...

#......=......#
#....8...8....#
#.............#
#...........#
#...........#
#.....∩.....#
##....Y....##
##...YY..##
##.Y@u.##
#######


You could see a white ugly thing and 4 ice beasts.

Vanquished Creatures
  A hydra (D:11)
  Erica (D:8)
  A two-headed ogre (D:10)
  A cyclops (D:11)
  3 hippogriffs
  3 hogs (D:7)
  A wyvern (D:9)
  9 yaks
  2 basilisks (D:9)
  A human (D:7)
  Grum (D:10)
  A steam dragon (D:9)
  8 orc warriors
  3 black bears
  A sky beast (D:9)
  4 ice beasts
  3 phantoms
  8 ogres
  3 centaurs
  An eye of draining (D:9)
  4 wolves (D:10)
  A big kobold (D:11)
  2 crocodiles (D:9)
  3 bullfrogs
  A wyvern zombie (D:11)
  A scorpion (D:9)
  15 killer bees
  5 wights (D:10)
  3 howler monkeys
  2 bullfrog zombies
  2 crimson imps
  2 jellies
  10 orc wizards
  7 orc priests
  2 bullfrog skeletons
  7 hounds
  6 worker ants
  2 iguanas
  A hound skeleton (D:8)
  2 worker ant zombies
  12 adders
  A shadow imp (D:10)
  2 oozes
  3 adder skeletons
  A worm (D:3)
  A dart slug (D:3)
  2 leopard geckos (D:4)
  44 orcs
  4 bats
  5 giant cockroaches
  8 goblins
  8 hobgoblins
  5 jackals
  7 kobolds
  4 quokkas
  2 ball pythons (D:4)
  3 frilled lizards (D:3)
  A jackal skeleton (D:5)
  A leopard gecko skeleton (D:5)
  A quokka zombie (D:9)
  10 rats
259 creatures vanquished.

Vanquished Creatures (collateral kills)
  5 killer bees
5 creatures vanquished.

Vanquished Creatures (others)
  A wizard (D:3)
  A kobold (D:11)
2 creatures vanquished.

Grand Total: 266 creatures vanquished

Notes
Turn   | Place    | Note
-------+----------+-------------------------------------------
     0 | D:1      | FishyPogo the Gnoll Transmuter began the quest for the Orb.
     0 | D:1      | Reached XP level 1. HP: 17/17 MP: 6/6
   111 | D:1      | Reached XP level 2. HP: 23/23 MP: 7/7
   507 | D:2      | Reached skill level 5 in Spellcasting
   507 | D:2      | Reached XP level 3. HP: 28/28 MP: 6/9
   527 | D:2      | Reached skill level 1 in Short Blades
   527 | D:2      | Reached skill level 1 in Long Blades
   527 | D:2      | Reached skill level 1 in Axes
   527 | D:2      | Reached skill level 1 in Maces & Flails
   527 | D:2      | Reached skill level 1 in Polearms
   527 | D:2      | Reached skill level 1 in Staves
   527 | D:2      | Reached skill level 1 in Slings
   527 | D:2      | Reached skill level 1 in Bows
   527 | D:2      | Reached skill level 1 in Crossbows
   527 | D:2      | Reached skill level 1 in Throwing
   527 | D:2      | Reached skill level 1 in Armour
   527 | D:2      | Reached skill level 1 in Stealth
   527 | D:2      | Reached skill level 1 in Shields
   527 | D:2      | Reached skill level 1 in Invocations
   527 | D:2      | Reached skill level 1 in Evocations
   527 | D:2      | Reached XP level 4. HP: 30/34 MP: 8/11
   641 | D:2      | Learned a level 3 spell: Spider Form
   646 | D:2      | Learned a level 4 spell: Ice Form
  1291 | D:3      | Reached skill level 1 in Conjurations
  1291 | D:3      | Reached skill level 1 in Hexes
  1291 | D:3      | Reached skill level 1 in Charms
  1291 | D:3      | Reached skill level 1 in Summonings
  1291 | D:3      | Reached skill level 1 in Necromancy
  1291 | D:3      | Reached skill level 1 in Translocations
  1291 | D:3      | Reached skill level 1 in Fire Magic
  1291 | D:3      | Reached skill level 1 in Ice Magic
  1291 | D:3      | Reached skill level 1 in Air Magic
  1291 | D:3      | Reached skill level 1 in Earth Magic
  1291 | D:3      | Reached skill level 1 in Poison Magic
  1417 | D:3      | Noticed Sigmund
  1631 | D:3      | Reached XP level 5. HP: 20/40 MP: 12/12
  1704 | D:3      | Found a bloodstained altar of Trog.
  1706 | D:3      | Noticed a wizard
  1712 | D:3      | Killed a wizard
  1772 | D:3      | You fall through a shaft for 2 floors!
  1772 | D:5      | Entered Level 5 of the Dungeon
  2147 | D:4      | Reached XP level 6. HP: 45/47 MP: 10/13
  2153 | D:4      | Noticed a phantom
  2301 | D:5      | Gained mutation: You are partially covered in slimy green
                  | scales. (AC +2) [potion of mutation]
  2301 | D:5      | Gained mutation: You are dopey. (Int -2) [potion of
                  | mutation]
  2301 | D:5      | Gained mutation: You are partially covered in yellow
                  | scales. (AC +2) [potion of mutation]
  2303 | D:5      | Lost mutation: You are dopey. (Int -2) [potion of mutation]
  2303 | D:5      | Lost mutation: You are partially covered in yellow scales.
                  | (AC +2) [potion of mutation]
  2303 | D:5      | Gained mutation: Your spells are a little harder to cast,
                  | but a little more powerful. [potion of mutation]
  2303 | D:5      | Gained mutation: You evolve. [potion of mutation]
  2303 | D:5      | Gained mutation: You are agile. (Dex +2) [potion of
                  | mutation]
  2353 | D:4      | Found a staircase to the Ecumenical Temple.
  2372 | Temple   | Entered the Ecumenical Temple
  2393 | Temple   | Became a worshipper of Vehumet
  2657 | D:4      | Reached skill level 5 in Dodging
  2981 | D:4      | Noticed a black bear
  2990 | D:4      | Killed a black bear
  2990 | D:4      | Reached XP level 7. HP: 52/52 MP: 12/15
  3184 | D:5      | Reached skill level 7 in Unarmed Combat
  3852 | D:6      | Reached XP level 8. HP: 49/60 MP: 10/16
  3864 | D:6      | Reached * piety under Vehumet
  3864 | D:6      | Offered knowledge of Freeze by Vehumet.
  3867 | D:6      | Learned a level 1 spell: Freeze
  4312 | D:6      | Found Wykhafec's Assorted Antiques.
  4320 | D:6      | Bought a scroll labeled OTAUCL NOZXI for 28 gold pieces
  4320 | D:6      | Bought a scroll labeled WAROAH IPTOSH for 28 gold pieces
  4320 | D:6      | Bought a scroll of identify for 56 gold pieces
  4880 | D:7      | Learned a level 3 spell: Mephitic Cloud
  4976 | D:7      | Reached XP level 9. HP: 44/66 MP: 10/18
  5036 | D:7      | Offered knowledge of Sting by Vehumet.
  5036 | D:7      | Reached skill level 5 in Transmutations
  5330 | D:7      | Learned a level 1 spell: Sting
  5333 | D:7      | Learned a level 2 spell: Poisonous Vapours
  5387 | D:7      | Lost mutation: Your spells are a little harder to cast, but
                  | a little more powerful. [evolution]
  5680 | D:7      | Reached ** piety under Vehumet
  6104 | D:7      | Learned a level 1 spell: Flame Tongue
  6285 | D:7      | Reached skill level 5 in Fighting
  6288 | D:7      | Gained mutation: Your spells are a little harder to cast,
                  | but a little more powerful. [evolution]
  6303 | D:7      | Reached skill level 8 in Unarmed Combat
  6461 | D:8      | Found a white marble altar of Elyvilon.
  6478 | D:8      | Noticed Erica
  6491 | D:8      | Killed Erica
  6491 | D:8      | Reached skill level 5 in Invocations
  6491 | D:8      | Reached XP level 10. HP: 33/74 MP: 18/20
  7374 | D:9      | Reached skill level 5 in Short Blades
  7374 | D:9      | Reached skill level 5 in Long Blades
  7374 | D:9      | Reached skill level 5 in Axes
  7374 | D:9      | Reached skill level 5 in Maces & Flails
  7374 | D:9      | Reached skill level 5 in Polearms
  7374 | D:9      | Reached skill level 5 in Staves
  7374 | D:9      | Reached skill level 5 in Slings
  7374 | D:9      | Reached skill level 5 in Bows
  7374 | D:9      | Reached skill level 5 in Crossbows
  7374 | D:9      | Reached skill level 5 in Throwing
  7374 | D:9      | Reached skill level 5 in Armour
  7374 | D:9      | Reached skill level 5 in Stealth
  7374 | D:9      | Reached skill level 5 in Shields
  7374 | D:9      | Reached skill level 5 in Evocations
  7396 | D:9      | Found a glowing golden altar of the Shining One.
  7457 | D:9      | Learned a level 4 spell: Sticky Flame
  7688 | D:9      | Offered knowledge of Stone Arrow by Vehumet.
  7693 | D:9      | Learned a level 3 spell: Stone Arrow
  7704 | D:9      | Found a staircase to the Lair.
  8391 | D:10     | Entered Level 10 of the Dungeon
  8579 | D:10     | Gained mutation: You have a pair of small antennae on your
                  | head. [evolution]
  8637 | D:10     | Noticed a two-headed ogre
  8663 | D:10     | Killed a two-headed ogre
  8736 | D:10     | Noticed Grum
  8755 | D:10     | Reached XP level 11. HP: 62/82 MP: 20/22
  8762 | D:10     | Killed Grum
  8781 | D:10     | Found Wotentigh's General Store.
  8787 | D:10     | Bought a potion of degeneration for 13 gold pieces
  8787 | D:10     | Bought a scroll of blinking for 97 gold pieces
  8787 | D:10     | Bought a scroll of identify for 26 gold pieces
  8925 | D:10     | Reached *** piety under Vehumet
  8936 | D:10     | Reached skill level 9 in Unarmed Combat
  9282 | D:10     | Learned a level 2 spell: Throw Flame
  9293 | D:10     | Offered knowledge of Force Lance by Vehumet.
  9293 | D:10     | Reached skill level 5 in Conjurations
  9293 | D:10     | Reached skill level 5 in Hexes
  9293 | D:10     | Reached skill level 5 in Charms
  9293 | D:10     | Reached skill level 5 in Summonings
  9293 | D:10     | Reached skill level 5 in Necromancy
  9293 | D:10     | Reached skill level 5 in Translocations
  9293 | D:10     | Reached skill level 5 in Fire Magic
  9293 | D:10     | Reached skill level 5 in Ice Magic
  9293 | D:10     | Reached skill level 5 in Air Magic
  9293 | D:10     | Reached skill level 5 in Earth Magic
  9293 | D:10     | Reached skill level 5 in Poison Magic
  9572 | D:11     | Reached **** piety under Vehumet
  9574 | D:11     | Noticed a cyclops
  9645 | D:11     | Offered knowledge of Ignite Poison by Vehumet.
  9700 | D:11     | Got a brightly glowing hunting sling
  9740 | D:11     | Found a staircase to the Orcish Mines.
  9839 | D:11     | Killed a cyclops
 10098 | D:11     | Noticed a four-headed hydra
 10107 | D:11     | Killed a one-headed hydra
 10450 | D:11     | Noticed a red ugly thing
 10518 | D:11     | Got a transparent tin ring
 10519 | D:11     | Identified the ring "Ahuopy" {rCorr MR+} (You found it on
                  | level 11 of the Dungeon)
 10593 | Orc:1    | Entered Level 1 of the Orcish Mines
 10741 | Orc:2    | Entered Level 2 of the Orcish Mines
 11012 | Orc:1    | Noticed an orc knight
 11017 | Orc:1    | Found a frozen archway.
 11023 | IceCv    | Entered an ice cave
 11023 | IceCv    | Noticed a white ugly thing
 11033 | IceCv    | Slain by a white ugly thing

Skill      XL: |  1  2  3  4  5  6  7  8  9 10 11 |
---------------+----------------------------------+-----
Spellcasting   | 5 6 7 8 |  8.3
Short Blades   | 1 2 3 4 5 6 |  6.5
Long Blades    | 1 2 3 4 5 6 |  6.5
Axes           | 1 2 3 4 5 6 |  6.5
Maces & Flails | 1 2 3 4 5 6 |  6.5
Polearms       | 1 2 3 4 5 6 |  6.5
Staves         | 1 2 3 4 5 6 |  6.5
Slings         | 1 2 3 4 5 6 |  6.5
Bows           | 1 2 3 4 5 6 |  6.5
Crossbows      | 1 2 3 4 5 6 |  6.5
Throwing       | 1 2 3 4 5 6 |  6.5
Armour         | 1 2 3 4 5 6 |  6.5
Stealth        | 1 2 3 4 5 6 |  6.5
Shields        | 1 2 3 4 5 6 |  6.5
Invocations    | 1 2 3 4 5 6 7 |  7.1
Evocations     | 1 2 3 4 5 6 |  6.5
Conjurations   | 1 2 3 4 5 |  5.3
Hexes          | 1 2 3 4 5 |  5.3
Charms         | 1 2 3 4 5 |  5.3
Summonings     | 1 2 3 4 5 |  5.3
Necromancy     | 1 2 3 4 5 |  5.3
Translocations | 1 2 3 4 5 |  5.3
Fire Magic     | 1 2 3 4 5 |  5.3
Ice Magic      | 1 2 3 4 5 |  5.3
Air Magic      | 1 2 3 4 5 |  5.3
Earth Magic    | 1 2 3 4 5 |  5.3
Poison Magic   | 1 2 3 4 5 |  5.3
Fighting       | 3 4 5 6 7 |  7.0
Transmutations | 4 5 6 |  6.7
Dodging        | 5 6 7 8 |  8.0
Unarmed Combat | 7 8 9 |  9.3

Action                   |  1- 3 |  4- 6 |  7- 9 | 10-12 || total
-------------------------+-------+-------+-------+-------++-------
Melee: Unarmed           |    48 |   146 |   230 |   201 ||   625
       Bite              |     5 |     9 |     4 |    11 ||    29
       Kick              |     5 |     3 |       |       ||     8
       Headbutt          |     3 |    13 |    13 |       ||    29
       Punch             |     2 |     1 |     4 |     2 ||     9
       Scimitar          |       |       |       |    87 ||    87
Throw: Stone             |       |     6 |       |       ||     6
 Cast: Beastly Appendage |    10 |    25 |     8 |     2 ||    45
       Spider Form       |       |    12 |    21 |    15 ||    48
       Mephitic Cloud    |       |       |     2 |    36 ||    38
       Flame Tongue      |       |       |    11 |    33 ||    44
       Sting             |       |       |     2 |    54 ||    56
       Freeze            |       |       |     2 |     3 ||     5
       Ice Form          |       |       |     1 |     7 ||     8
       Poisonous Vapours |       |       |     1 |    19 ||    20
       Sticky Flame      |       |       |       |    13 ||    13
       Throw Flame       |       |       |       |     1 ||     1
 Abil: End Transformatio |       |     1 |     4 |     3 ||     8
  Use: Scroll            |       |     4 |     4 |    11 ||    19
       Potion            |       |     3 |     1 |     1 ||     5
 Stab: Sleeping          |       |    10 |     5 |     2 ||    17
       Distracted        |       |     1 |       |       ||     1
       Confused          |       |       |     2 |    26 ||    28
  Eat: Chunk             |       |     7 |    13 |    19 ||    39
Armor: Robe              |     9 |    13 |    18 |    22 ||    62
       Skin              |       |       |     8 |     2 ||    10
Dodge: Dodged            |    35 |    92 |   256 |   296 ||   679
       Rpst.: Scimitar   |       |       |       |    30 ||    30
